 Dungeon Crawl Stone Soup version 0.23.2-11-gf996548c65 (webtiles) character file.

Game seed: 7731569901611286154

124 turlogh the Cudgeler (level 4, -1/41 HPs)
             Began as a Minotaur Berserker on June 5, 2019.
             Was a Believer of Trog.
             Succumbed to a worker ant's poison
             ... on level 3 of the Dungeon.
             The game lasted 00:13:11 (1480 turns).

turlogh the Cudgeler (Minotaur Berserker)           Turns: 1480, Time: 00:13:12

Health: -1/41      AC:  7    Str: 21    XL:     4   Next: 81%
Magic:  3/3        EV: 11    Int:  4    God:    Trog [**....]
Gold:   121        SH:  0    Dex: 11    Spells: 3/3 levels left

rFire    . . .     SeeInvis +   a - +0 mace
rCold    . . .     Gourm    .   (no shield)
rNeg     . . .     Faith    .   m - +0 scale mail
rPois    .         Spirit   .   (helmet restricted)
rElec    .         Reflect  .   (no cloak)
rCorr    .         Harm     .   f - +0 pair of gloves (curse)
MR       .....                  (no boots)
Stlth    ..........             (no amulet)
HPRegen  0.13/turn              k - ring of see invisible
MPRegen  0.08/turn              (no ring)

@: lethally poisoned (-1 -> -9), berserk cooldown, slowed, very slow
A: retaliatory headbutt, horns 2
a: Berserk, Trog's Hand, Renounce Religion


You were on level 3 of the Dungeon.
You worshipped Trog.
Trog was pleased with you.
You were hungry.

You visited 1 branch of the dungeon, and saw 3 of its levels.

You collected 121 gold pieces.

Inventory:

Hand Weapons
 a - a +0 mace (weapon)
 b - a +1 whip of electrocution
 i - a cursed -2 dagger
 j - a +1 hand axe of chopping
Missiles
 h - 7 needles of confusion
Armour
 f - a cursed +0 pair of gloves (worn)
 m - a +0 scale mail (worn)
Jewellery
 k - a ring of see invisible (left hand)
 l - an uncursed ring of stealth {unknown}
Scrolls
 g - 4 scrolls of teleportation
Comestibles
 c - 5 rations
 d - 4 chunks of flesh


   Skills:
 + Level 4.4 Fighting
 + Level 5.5 Maces & Flails
 + Level 3.0 Armour
 + Level 2.8 Dodging
 + Level 0.3 Stealth


You had 3 spell levels left.
You didn't know any spells.
Your spell library was empty.

Dungeon Overview and Level Annotations

Branches:
Dungeon (3/15)

Altars:


Innate Abilities, Weirdness & Mutations

You reflexively headbutt those who attack you in melee.
You have a pair of horns on your head.


Message History

You are exhausted.
You feel yourself slow down.
* * * LOW HITPOINT WARNING * * *
You feel sick.
There is a lethal amount of poison in your body!
There is a lethal amount of poison in your body!
Okay, then.
There is a lethal amount of poison in your body!
There is a lethal amount of poison in your body!
There is a lethal amount of poison in your body!
There is a lethal amount of poison in your body!
* * * LOW HITPOINT WARNING * * *
You feel sick.
* * * LOW HITPOINT WARNING * * *
You feel sick.
* * * LOW HITPOINT WARNING * * *
You feel sick.
* * * LOW HITPOINT WARNING * * *
You feel sick.
You die...

#......#
####
##.....##
#
#.......#
#
#.......#
#.......#
##.....##
##...##
#.######
#@.....#
##
######.#
#.
#.####.##
#.
#%......#
#.
#........
#.
#..##....#
#. #..#
#..#.##
#...
......
##...
...##


There were no monsters in sight!

Vanquished Creatures
  A worker ant (D:3)
  A gnoll (D:1)
  2 adders (D:2)
  An ooze (D:1)
  A worm (D:2)
  3 dart slugs
  5 leopard geckos
  6 bats
  3 giant cockroaches (D:1)
  5 goblins
  4 hobgoblins
  2 jackals (D:2)
  A ball python (D:1)
  5 frilled lizards
  10 kobolds
  5 rats
55 creatures vanquished.

Notes
Turn   | Place    | Note
-------+----------+-------------------------------------------
     0 | D:1      | turlogh the Minotaur Berserker began the quest for the Orb.
     0 | D:1      | Reached XP level 1. HP: 19/19 MP: 0/0
    42 | D:1      | Reached skill level 4 in Maces & Flails
    52 | D:1      | Reached XP level 2. HP: 23/27 MP: 1/1
   182 | D:1      | Reached XP level 3. HP: 20/33 MP: 2/2
   189 | D:1      | Reached ** piety under Trog
   829 | D:2      | Reached skill level 5 in Maces & Flails
   829 | D:2      | Reached XP level 4. HP: 37/41 MP: 3/3
  1477 | D:3      | HP: 2/41 [poisoned by a worker ant]
  1480 | D:3      | Succumbed to a worker ant's poison

Skill      XL: |  1  2  3  4 |
---------------+-------------+-----
Maces & Flails | 4 5 |  5.5
Fighting       | 4 |  4.4
Armour         | 3 |  3.0
Dodging        | |  2.8
Stealth        | |  0.3

Action                   |  1- 3 |  4- 6 || total
-------------------------+-------+-------++-------
Melee: Mace              |    68 |    41 ||   109
       Headbutt          |     9 |     7 ||    16
Invok: Berserk           |       |     1 ||     1
  Use: Scroll            |     4 |       ||     4
       Potion            |     2 |       ||     2
 Stab: Sleeping          |     2 |       ||     2
  Eat: Chunk             |       |     2 ||     2
Armor: Animal skin       |     7 |     2 ||     9
       Scale mail        |       |    14 ||    14
Dodge: Dodged            |    39 |    22 ||    61
